 Dungeon Sprint DCSS version 0.16.1-28-gcc2312f (webtiles) character file.

17605 Kidiri the Warrior (level 12, -3/141 (143) HPs)
             Began as a Troll Berserker on May 28, 2015.
             Was a High Priest of Trog.
             Slain by an emperor scorpion (8 damage)
             ... in the Dungeon (Sprint IX: "|||||||||||||||||||||||||||||").
             The game lasted 00:27:30 (2144 turns).

Kidiri the Warrior (Troll Berserker)                Turns: 2144, Time: 00:27:30

HP:   -3/141 (143)  AC: 21    Str: 34 (35) XL:     12   Next: 20%
MP:   1/5           EV:  7    Int:  6      God:    Trog [*****.]
Gold: 336           SH:  0    Dex:  9      Spells: 0 memorised, 11 levels left

rFire  . . .     SeeInvis .     y - +10 giant spiked club "Kudiaro" {venom, rF+ Int+3}
rCold  + + .     Clarity  .     Y - +1 ice dragon armour
rNeg   . . .     SustAb   .     (shield restricted)
rPois  .         Gourm    +     (helmet restricted)
rElec  .         Spirit   .     n - +1 cloak
rCorr  .         Warding  .     (gloves unavailable)
rMut   .         NoTele   +     (boots unavailable)
MR     ++...                    (no amulet)
Stlth  ..........               o - +2 ring of evasion
                                p - +3 ring of strength

@: lethally poisoned (-3 -> -5), very slightly contaminated, held, regenerating,
very resistant to hostile enchantments, extremely unstealthy
A: unfitting armour, claws 3, fast metabolism 3, gourmand, regeneration 2,
shaggy fur 1, tough skin 2
a: Burn Spellbooks, Berserk, Trog's Hand, Brothers in Arms, Renounce Religion


You were in the Dungeon.
You worshipped Trog.
Trog was extremely pleased with you.
You were not hungry.

You visited 1 branch You collected 1931 gold pieces.
You spent 1595 gold pieces at shops.

Inventory:

Hand weapons
 v - a +2 antimagic dire flail
 w - a +3 antimagic mace
 y - the +10 giant spiked club "Kudiaro" (weapon) {venom, rF+ Int+3}
   (Trog gifted it to you in the Dungeon)

   It poisons the flesh of those it strikes.
   It affects your intelligence (+3).
   It protects you from fire.
Armour
 a - a +0 swamp dragon armour
 n - a +1 cloak (worn)
 T - a +2 robe of magic resistance
 Y - a +1 ice dragon armour (worn)
Jewellery
 o - a +2 ring of evasion (right claw)
 p - a +3 ring of strength (left claw)
 U - an uncursed ring of protection from magic
 V - an uncursed ring of fire
 W - an uncursed ring of protection from fire
 X - an uncursed ring of poison resistance
Magical devices
 l - a wand of cold (3)
 R - a wand of polymorph (2)
Scrolls
 k - 3 scrolls of remove curse
 r - 2 scrolls of fear
 t - 3 scrolls of fog
 u - 4 scrolls of enchant weapon
 x - a scroll of recharging
Potions
 b - a potion of cure mutation
 d - a potion of invisibility
 e - 2 potions of heal wounds
 f - 3 potions of haste
 g - 4 potions of magic
 h - a potion of berserk rage
 j - 4 potions of curing
 m - a potion of might
 q - a potion of agility
 s - 2 potions of resistance
 S - a potion of restore abilities {unknown}
Comestibles
 c - 43 fruits
 A - 12 bread rations
 B - 9 meat rations


   Skills:
 * Level 15.6 Fighting
 * Level 15.3 Maces & Flails
 * Level 14.1 Armour
 + Level 10.5 Dodging


You had 11 spell levels left.
You didn't know any spells.

Dungeon Overview and Level Annotations

Branches:
Dungeon (1/1)

Altars:
Cheibriados
Dithmenos
Elyvilon
Fedhas
Gozag
Kikubaaqudgha
Makhleb
Nemelex Xobeh
Okawaru
Qazlal
Ru
Sif Muna
Trog
Vehumet
Xom
Yredelemnul
Zin
The Shining One
Beogh
Jiyva
Lugonu

Shops:
D ::!:


Innate Abilities, Weirdness & Mutations

You are too large for most types of armour.
You have claws for hands.
Your metabolism is lightning-fast.
You like to eat raw meat.
You heal very quickly.
You are covered in fur (AC +1).
You have very tough skin (AC +2).


Message History

Drink which item? (? for menu, Esc to quit)
You feel much better. The jumping spider barely misses you.
The jumping spider bites you!
The wolf spider rages.
The jumping spider pounces on you!!
You are caught in a web!
The jumping spider bites you. The emperor scorpion stings you.
The emperor scorpion claws you but does no damage. x2
Use which ability? (? or * to list)
Your ogre goes berserk!
You feel somewhat more hungry. The jumping spider pounces on you!!
* * * LOW HITPOINT WARNING * * *
The jumping spider barely misses you. The jumping spider pounces on you!
* * * LOW HITPOINT WARNING * * *
You are even more entangled.
The jumping spider closely misses you. The jumping spider closely misses you.
The jumping spider barely misses you. The emperor scorpion stings you!
* * * LOW HITPOINT WARNING * * *
You are poisoned.
The emperor scorpion poisons you! The emperor scorpion claws you!
You die...

▓.▓.▓'▓.▓.▓.▓.▓.▓.
▓.▓.▓.▓.▓.▓.▓.▓.▓.
▓.▓.▓.▓.▓.▓.▓.▓.▓'
▓.▓.▓.▓.▓.▓.▓.▓.▓)
▓.▓.▓.▓.▓)▓.▓.▓.▓)
▓.▓.▓.▓.▓)▓.▓.▓.▓.
▓O▓.▓)▓.▓)▓.▓.▓.▓.
▓s▓.▓)▓.▓)▓.▓.▓.▓.
▓@▓.▓)▓.▓)▓.▓.▓.▓'
▓s▓.▓)▓.▓)▓.▓.▓.▓_
▓s▓.▓)▓.▓)▓.▓.▓.▓_
▓y▓.▓)▓.▓(▓.▓.▓.▓_
▓s▓.▓)▓.▓.▓.▓'▓.▓_
▓.▓.▓)▓.▓)▓.▓.▓.▓_
▓)▓.▓.▓.▓.▓.▓.▓.▓_
▓.▓.▓.▓.▓.▓.▓.▓.▓_
♣†♣.▓.▓.▓)▓.▓.▓.▓_


You could see an emperor scorpion, a wolf spider (berserk), a moth of wrath, a
jumping spider (berserk), a scorpion and a friendly ogre (berserk).

Vanquished Creatures
  A dire elephant (D)
  Erica (D)
  A deep troll earth mage (D)
  A catoblepas (D)
  A death yak (D)
  A spriggan druid (D)
  An unseen horror (shapeshifter) (D)
  An orc knight (D)
  4 orc sorcerers (D)
  2 ugly things (D)
  Joseph (D)
  A kobold demonologist (D)
  A deep elf priest (D)
  An efreet (D)
  A slime creature (D)
  A raven (D)
  A wraith (D)
  A ynoxinul (D)
  3 yaks (D)
  A deep elf mage (D)
  A hippogriff (D)
  A water moccasin (D)
  8 orc warriors (D)
  A necrophage (D)
  2 centaurs (D)
  A crimson imp (D)
  A quasit (D)
  4 orc priests (D)
  A hound (D)
  15 orc wizards (D)
  3 ufetubi (D)
  2 orc zombies (D)
  5 orcs (D)
  A bat zombie (D)
  A hobgoblin (D)
  3 kobolds (D)
  A bat (D)
  A giant cockroach (D)
  A giant gecko (D)
79 creatures vanquished.

Vanquished Creatures (collateral kills)
  A ghost moth (D)
  Josephine (D)
  A hydra (D)
  A naga warrior (D)
  6 death yaks (D)
  An orc knight (D)
  An orc sorcerer (D)
  A griffon (D)
  2 black mambas (D)
  A hornet (D)
  2 naga magi (D)
  An ugly thing (D)
  A spiny frog (D)
  A fire drake (D)
  Sonja (D)
  A slime creature (D)
  4 wraiths (D)
  A yak (D)
  4 water moccasins (D)
  2 nagas (D)
  A swamp drake (D)
  2 porcupines (D)
  An orc warrior (D)
  An ogre (D)
  3 giant frogs (D)
  A big kobold (D)
  2 scorpions (D)
  A crimson imp (D)
  A hound (D)
  A worker ant (D)
  A river rat (D)
  2 adders (D)
  2 quokkas (D)
  A rat (D)
54 creatures vanquished.

Vanquished Creatures (others)
  2 stone giants (D)
  A ghost crab (D)
  3 deep trolls (D)
  4 hill giants (D)
  A spiny frog (D)
  A troll (D)
  A two-headed ogre (D)
  2 ogres (D)
  A swamp drake (D)
  An orc zombie (D)
17 creatures vanquished.

Grand Total: 150 creatures vanquished

Notes
Turn   | Place    | Note
--------------------------------------------------------------
     0 | D        | Kidiri, the Troll Berserker, began the quest for the Orb.
     0 | D        | Reached XP level 1. HP: 22/22 MP: 1/1
    11 | D        | Acquired Trog's second power
    11 | D        | Reached skill level 3 in Maces & Flails
    28 | D        | Noticed a necrophage
    28 | D        | Noticed a hound
    40 | D        | Killed a necrophage
    40 | D        | Reached skill level 4 in Fighting
    40 | D        | Reached skill level 5 in Maces & Flails
    40 | D        | Reached XP level 2. HP: 18/32 MP: 1/1
    40 | D        | Reached XP level 3. HP: 21/39 MP: 2/2
    40 | D        | Reached XP level 4. HP: 26/48 MP: 2/2
    50 | D        | Killed a hound
    50 | D        | Acquired Trog's third power
   106 | D        | Found a glowing silver altar of Zin.
   106 | D        | Found a glowing golden altar of the Shining One.
   106 | D        | Found an ancient bone altar of Kikubaaqudgha.
   106 | D        | Found a basalt altar of Yredelemnul.
   106 | D        | Found a shimmering altar of Xom.
   106 | D        | Found a radiant altar of Vehumet.
   106 | D        | Found an iron altar of Okawaru.
   107 | D        | Found a burning altar of Makhleb.
   108 | D        | Found a deep blue altar of Sif Muna.
   109 | D        | Found a bloodstained altar of Trog.
   110 | D        | Found a sparkling altar of Nemelex Xobeh.
   111 | D        | Found a white marble altar of Elyvilon.
   112 | D        | Found a roughly hewn altar of Beogh.
   113 | D        | Found a viscous altar of Jiyva.
   114 | D        | Found a corrupted altar of Lugonu.
   115 | D        | Found a blossoming altar of Fedhas.
   116 | D        | Found a snail-covered altar of Cheibriados.
   117 | D        | Found a shadowy altar of Dithmenos.
   118 | D        | Found a stormy altar of Qazlal.
   119 | D        | Found an opulent altar of Gozag.
   120 | D        | Found a sacrificial altar of Ru.
   155 | D        | Noticed a scorpion
   155 | D        | Noticed an ogre
   155 | D        | Noticed a scorpion
   155 | D        | Noticed a hound
   155 | D        | Noticed a hippogriff
   160 | D        | Killed a scorpion
   160 | D        | Reached skill level 5 in Fighting
   160 | D        | Reached XP level 5. HP: 45/54 MP: 2/2
   162 | D        | Killed an ogre
   162 | D        | Reached skill level 6 in Maces & Flails
   162 | D        | Reached skill level 5 in Armour
   164 | D        | Killed a scorpion
   165 | D        | Killed a hound
   176 | D        | Killed a hippogriff
   176 | D        | Reached skill level 7 in Maces & Flails
   176 | D        | Reached XP level 6. HP: 36/65 MP: 3/3
   247 | D        | Noticed a crimson imp
   247 | D        | Noticed a big kobold
   247 | D        | Noticed a purple ugly thing
   247 | D        | Noticed a worker ant
   247 | D        | Noticed a centaur
   247 | D        | Noticed a centaur
   252 | D        | Killed a crimson imp
   254 | D        | Killed a big kobold
   256 | D        | Killed a purple ugly thing
   256 | D        | Reached skill level 8 in Maces & Flails
   256 | D        | Reached XP level 7. HP: 71/75 MP: 3/3
   258 | D        | Killed a worker ant
   264 | D        | Killed a centaur
   264 | D        | Reached skill level 5 in Dodging
   266 | D        | Killed a centaur
   430 | D        | Noticed a water moccasin
   430 | D        | Noticed a porcupine
   430 | D        | Noticed a yak
   430 | D        | Noticed a water moccasin
   432 | D        | Received a gift from Trog
   434 | D        | Noticed a giant frog
   434 | D        | Killed a water moccasin
   440 | D        | Killed a porcupine
   443 | D        | Killed a yak
   443 | D        | Reached skill level 9 in Maces & Flails
   448 | D        | Noticed a water moccasin
   448 | D        | Killed a water moccasin
   449 | D        | Killed a giant frog
   449 | D        | Received a gift from Trog
   449 | D        | Reached XP level 8. HP: 85/85 MP: 3/3
   452 | D        | Killed a water moccasin
   468 | D        | Noticed an eight-headed hydra
   468 | D        | Noticed a fire drake
   468 | D        | Noticed a giant frog
   468 | D        | Noticed a giant frog
   468 | D        | Noticed a griffon
   472 | D        | Killed an eight-headed hydra
   474 | D        | Killed a fire drake
   474 | D        | Killed a giant frog
   474 | D        | Reached skill level 10 in Maces & Flails
   475 | D        | Killed a giant frog
   477 | D        | Killed a griffon
   481 | D        | Noticed a death yak
   481 | D        | Received a gift from Trog
   483 | D        | Noticed a porcupine
   485 | D        | Killed a death yak
   485 | D        | Reached XP level 9. HP: 59/97 MP: 4/4
   486 | D        | Killed a porcupine
   547 | D        | Noticed a death yak
   547 | D        | Noticed a death yak
   547 | D        | Noticed a yak
   547 | D        | Noticed a death yak
   547 | D        | Noticed a death yak
   547 | D        | Noticed a yak
   547 | D        | Noticed a yak
   548 | D        | Noticed a catoblepas
   555 | D        | Killed a death yak
   555 | D        | Received a gift from Trog
   555 | D        | Reached skill level 10 in Fighting
   556 | D        | Got a crystal giant spiked club {god gift}
   557 | D        | Identified the +10 giant spiked club "Kudiaro" {venom, rF+ Int+3} (Trog gifted it to you in the Dungeon)
   559 | D        | Killed a death yak
   559 | D        | Reached skill level 11 in Maces & Flails
   559 | D        | Reached skill level 10 in Armour
   565 | D        | Killed a death yak
   568 | D        | Killed a death yak
   576 | D        | Killed a catoblepas
   576 | D        | Reached XP level 10. HP: 108/108 MP: 4/4
   577 | D        | Killed a yak
   579 | D        | Killed a yak
   579 | D        | Reached skill level 12 in Maces & Flails
   582 | D        | Killed a yak
   718 | D        | Noticed Sonja
   731 | D        | Killed Sonja
   731 | D        | Received a gift from Trog
   803 | D        | Noticed an orc priest
   803 | D        | Noticed an orc warrior
   803 | D        | Noticed an orc wizard
   803 | D        | Noticed an orc wizard
   803 | D        | Noticed an orc warrior
   803 | D        | Noticed an orc wizard
   803 | D        | Noticed an orc wizard
   804 | D        | Killed an orc priest
   807 | D        | Killed an orc warrior
   811 | D        | Noticed an orc priest
   811 | D        | Killed an orc warrior
   811 | D        | Received a gift from Trog
   812 | D        | Killed an orc wizard
   816 | D        | Killed an orc wizard
   817 | D        | Noticed an orc priest
   818 | D        | Killed an orc wizard
   819 | D        | Noticed an orc wizard
   821 | D        | Killed an orc wizard
   825 | D        | Received a gift from Trog
   826 | D        | Killed an orc priest
   830 | D        | Killed an orc priest
   843 | D        | Killed an orc wizard
   851 | D        | Received a gift from Trog
   915 | D        | Noticed an orc knight
   915 | D        | Noticed an orc warrior
   915 | D        | Noticed an orc warrior
   915 | D        | Noticed an orc wizard
   915 | D        | Noticed an orc sorcerer
   915 | D        | Noticed an orc warrior
   915 | D        | Noticed an orc warrior
   922 | D        | Killed an orc knight
   925 | D        | Killed an orc wizard
   928 | D        | Killed an orc sorcerer
   928 | D        | Received a gift from Trog
   932 | D        | Noticed an orc warrior
   932 | D        | Killed an orc warrior
   936 | D        | Noticed an orc priest
   937 | D        | Noticed an orc warrior
   938 | D        | Killed an orc warrior
   940 | D        | Killed an orc warrior
   941 | D        | Noticed an orc knight
   941 | D        | Killed an orc warrior
   944 | D        | Killed an orc warrior
   946 | D        | Killed an orc warrior
   950 | D        | Killed an orc knight
   951 | D        | Killed an orc priest
   976 | D        | Received a gift from Trog
  1073 | D        | Found Zaim's Book Emporium.
  1073 | D        | Noticed an orc wizard
  1073 | D        | Noticed an orc wizard
  1073 | D        | Noticed an orc sorcerer
  1073 | D        | Noticed an orc sorcerer
  1073 | D        | Noticed an orc wizard
  1073 | D        | Noticed an orc wizard
  1074 | D        | Killed an orc wizard
  1074 | D        | Received a gift from Trog
  1075 | D        | Found Blihilukha's Book Shoppe.
  1075 | D        | Noticed an orc wizard
  1076 | D        | Noticed an orc sorcerer
  1078 | D        | Killed an orc sorcerer
  1082 | D        | Killed an orc sorcerer
  1082 | D        | Reached skill level 13 in Maces & Flails
  1084 | D        | Killed an orc wizard
  1084 | D        | Received a gift from Trog
  1087 | D        | Noticed an orc wizard
  1087 | D        | Killed an orc wizard
  1088 | D        | Found Uclim's Distillery.
  1089 | D        | Paralysed by an orc sorcerer for 7 turns
  1096 | D        | Killed an orc sorcerer
  1096 | D        | Reached XP level 11. HP: 86/122 MP: 4/4
  1100 | D        | Killed an orc wizard
  1102 | D        | Killed an orc wizard
  1104 | D        | Found Klyc's Book Shoppe.
  1107 | D        | Killed an orc wizard
  1107 | D        | Received a gift from Trog
  1108 | D        | Noticed an orc wizard
  1109 | D        | Noticed an orc sorcerer
  1110 | D        | Noticed an orc wizard
  1111 | D        | Noticed an orc wizard
  1115 | D        | Noticed a sun demon
  1121 | D        | Paralysed by an orc sorcerer for 7 turns
  1128 | D        | Killed an orc sorcerer
  1132 | D        | Killed an orc wizard
  1135 | D        | Killed an orc wizard
  1139 | D        | Killed an orc wizard
  1139 | D        | Received a gift from Trog
  1186 | D        | Received a gift from Trog
  1196 | D        | Got a warped giant spiked club {god gift}
  1197 | D        | Lost intelligence.
  1197 | D        | Identified the +2 giant spiked club of Ritoty {crush, rPois rF+ Str+2 Int-3} (Trog gifted it to you in the Dungeon)
  1251 | D        | Bought a potion of heal wounds for 50 gold pieces
  1259 | D        | Bought a manual of Fighting for 1545 gold pieces
  1279 | D        | Noticed Erica
  1300 | D        | Killed Erica
  1329 | D        | Noticed a wraith
  1333 | D        | Killed a wraith
  1336 | D        | Noticed Josephine
  1337 | D        | Noticed a wraith
  1338 | D        | Noticed a wraith
  1339 | D        | Noticed a wraith
  1341 | D        | Killed Josephine
  1343 | D        | Killed a wraith
  1345 | D        | Killed a wraith
  1347 | D        | Killed a wraith
  1457 | D        | Noticed Joseph
  1468 | D        | Killed Joseph
  1681 | D        | Noticed an orc warrior
  1681 | D        | Noticed a wraith
  1681 | D        | Noticed a kobold demonologist
  1681 | D        | Noticed an efreet
  1681 | D        | Noticed a hornet
  1681 | D        | Noticed a crimson imp
  1682 | D        | Killed an orc warrior
  1682 | D        | a hornet changed into something unseen
  1685 | D        | Killed a wraith
  1687 | D        | Noticed a deep elf mage
  1689 | D        | Killed a kobold demonologist
  1690 | D        | Killed an efreet
  1690 | D        | Reached skill level 14 in Maces & Flails
  1692 | D        | Noticed a deep elf priest
  1692 | D        | Killed an unseen horror
  1692 | D        | Received a gift from Trog
  1694 | D        | Noticed a death yak
  1695 | D        | Noticed a dire elephant
  1697 | D        | Noticed a purple ugly thing
  1697 | D        | Killed a crimson imp
  1698 | D        | Killed a deep elf mage
  1699 | D        | Noticed a brown ugly thing
  1701 | D        | Noticed a deep troll earth mage
  1702 | D        | Killed a deep elf priest
  1703 | D        | Noticed a slime creature
  1706 | D        | Killed a death yak
  1711 | D        | Killed a dire elephant
  1715 | D        | Killed a brown ugly thing
  1715 | D        | Reached skill level 10 in Dodging
  1718 | D        | Killed a brown ugly thing
  1718 | D        | Received a gift from Trog
  1721 | D        | Killed a deep troll earth mage
  1723 | D        | Killed a slime creature
  1733 | D        | Received a gift from Trog
  2027 | D        | Noticed a naga mage
  2027 | D        | Noticed a black mamba
  2027 | D        | Noticed a black mamba
  2027 | D        | Noticed a naga mage
  2027 | D        | Noticed a naga
  2027 | D        | Noticed a naga warrior
  2027 | D        | Noticed a water moccasin
  2030 | D        | Killed a naga mage
  2031 | D        | Killed a black mamba
  2031 | D        | Reached skill level 15 in Fighting
  2032 | D        | Killed a black mamba
  2036 | D        | Killed a naga warrior
  2036 | D        | Reached XP level 12. HP: 139/139 MP: 5/5
  2038 | D        | Killed a naga mage
  2038 | D        | Reached skill level 15 in Maces & Flails
  2042 | D        | Noticed a water moccasin
  2042 | D        | Killed a naga
  2044 | D        | Noticed a naga
  2045 | D        | Killed a water moccasin
  2045 | D        | Received a gift from Trog
  2046 | D        | Killed a water moccasin
  2048 | D        | Killed a naga
  2065 | D        | Noticed a hornet
  2065 | D        | Noticed a ghost crab
  2065 | D        | Noticed a spiny frog
  2065 | D        | Noticed a slime creature
  2065 | D        | Noticed a swamp drake
  2065 | D        | Noticed a raven
  2065 | D        | Noticed a spiny frog
  2070 | D        | Killed a spiny frog
  2070 | D        | Killed a hornet
  2070 | D        | Received a gift from Trog
  2073 | D        | Killed a ghost crab
  2076 | D        | Killed a spiny frog
  2079 | D        | Killed a swamp drake
  2081 | D        | Noticed a spriggan druid
  2081 | D        | Killed a slime creature
  2082 | D        | Killed a swamp drake
  2095 | D        | Killed a raven
  2099 | D        | Killed a spriggan druid
  2112 | D        | Noticed a jumping spider
  2112 | D        | Noticed an emperor scorpion
  2112 | D        | Noticed a wolf spider
  2112 | D        | Noticed a moth of wrath
  2112 | D        | Noticed a scorpion
  2112 | D        | Noticed a trapdoor spider
  2117 | D        | Noticed a death yak
  2129 | D        | Killed a death yak
  2133 | D        | Killed a ghost moth
  2144 | D        | HP: 5/141 [emperor scorpion (11)]
  2144 | D        | Slain by an emperor scorpion

Action                   |  1- 3 |  4- 6 |  7- 9 | 10-12 || total
-------------------------+-------+-------+-------+-------++-------
Melee: Mace              |    22 |     8 |       |       ||    30
       Morningstar       |       |     6 |     8 |       ||    14
       Giant spiked club |       |       |     3 |   129 ||   132
       Unarmed           |       |       |       |     5 ||     5
Invok: Berserk           |     1 |     1 |     2 |       ||     4
       Brothers in Arms  |       |     2 |     4 |    10 ||    16
       Burn Spellbooks   |       |       |     1 |       ||     1
       Trog's Hand       |       |       |       |     1 ||     1
Evoke: Wand              |       |       |       |     4 ||     4
  Use: Potion            |       |     1 |       |     9 ||    10
       Scroll            |       |       |       |     5 ||     5
 Stab: Confused          |       |       |       |     1 ||     1
  Eat: Meat ration       |       |     1 |     1 |     3 ||     5
